 Dungeon Crawl Stone Soup version 0.25-a0-663-gace7076 (webtiles) character file.

Game seed: 3462251131142497501, levelgen mode: deterministic

9648 MrTaco21 the Basher (level 11, -8/60 HPs)
             Began as a Gargoyle Fighter on Mar 24, 2020.
             Was a Priest of Qazlal.
             Mangled by a red devil
             ... wielding a cursed -3 trident
             ... summoned by a kobold demonologist
              (13 damage)
             ... on level 11 of the Dungeon.
             The game lasted 00:18:44 (11141 turns).

MrTaco21 the Basher (Gargoyle Fighter)             Turns: 11141, Time: 00:18:45

Health: -8/60      AC: 10    Str: 23      XL:     11   Next: 49%
Magic:  11/11      EV:  9    Int:  9      God:    Qazlal [***...]
Gold:   664        SH: 21    Dex:  8 (9)  Spells: 10/10 levels left

rFire    + . .     SeeInvis .   v - +4 flail (vorpal)
rCold    x . .     Gourm    .   g - +0 kite shield
rNeg     + . .     Faith    .   b - +0 scale mail
rPois    ∞         Spirit   .   J - +2 hat
rElec    +         Reflect  +   u - +0 cloak
rCorr    .         Harm     .   (no gloves)
MR       .....                  (no boots)
Stlth    ..........             j - +5 amulet of reflection
HPRegen  0.20/turn              (no ring)
MPRegen  0.12/turn              w - ring of fire

@: corroded
A: negative energy resistance 1, electricity resistance, unbreathing,
petrification resistance, rot immunity, AC +8
a: Upheaval, Elemental Force, Renounce Religion


You were on level 11 of the Dungeon.
You worshipped Qazlal.
Qazlal was most pleased with you.
You were not hungry.

You visited 2 branches of the dungeon, and saw 12 of its levels.

You collected 664 gold pieces.

Inventory:

Hand Weapons
 v - a +4 vorpal flail (weapon)
   (You took it off Blork the orc on level 6 of the Dungeon)
Missiles
 m - 67 poisoned darts (quivered)
Armour
 b - a +0 scale mail (worn)
 g - a +0 kite shield (worn)
   (You found it on level 9 of the Dungeon)
 h - a +0 tower shield
   (You took it off a gnoll on level 4 of the Dungeon)
 u - a +0 cloak (worn)
   (You took it off Crazy Yiuf on level 3 of the Dungeon)
 J - a +2 hat (worn)
   (You found it on level 7 of the Dungeon)
Jewellery
 j - a +5 amulet of reflection (around neck)
   (You found it on level 4 of the Dungeon)
 w - a ring of fire (right hand)
   (You found it on level 3 of the Dungeon)
 C - an uncursed amulet of regeneration
   (You took it off a gnoll on level 10 of the Dungeon)
Wands
 c - a wand of disintegration (22)
   (You took it off a gnoll on level 4 of the Dungeon)
 t - a wand of flame (31)
   (You took it off an orc on level 7 of the Dungeon)
 x - a wand of acid (6)
   (You found it on level 3 of the Dungeon)
 L - a wand of scattershot (5)
   (You found it on level 7 of the Dungeon)
Scrolls
 a - 3 scrolls of enchant weapon
 k - 6 scrolls of blinking
 l - a scroll of magic mapping
 n - 2 scrolls of fear
 o - 5 scrolls of teleportation {@r4}
 y - 2 scrolls of identify {@r1}
 F - a scroll of remove curse {@r2}
 H - 3 scrolls of immolation {!r}
 I - a scroll of summoning {unknown}
 K - 2 scrolls of enchant armour {unknown}
Potions
 d - a potion of might
 f - 5 potions of curing {@q1}
 i - 5 potions of resistance
 p - 2 potions of flight {unknown}
 q - a potion of berserk rage {unknown}
 r - 2 potions of brilliance {unknown}
 z - a potion of ambrosia {unknown}
 A - 2 potions of mutation {unknown}
 B - a potion of cancellation {unknown}
 D - 2 potions of haste {unknown}
 E - a potion of heal wounds {unknown}
 G - 4 potions of stabbing
Comestibles
 e - 22 rations {!d}
 s - 7 chunks of flesh


   Skills:
 - Level 3.2 Fighting
 - Level 14.0 Maces & Flails
 - Level 3.2 Armour
 + Level 11.6 Shields


You had 10 spell levels left.
You didn't know any spells.
Your spell library contained the following spells:

 Spells                   Type           Power        Failure   Level  Hunger
 Animate Skeleton         Necr           N/A          83%         1    ##.....
 Pain                     Necr           #...         83%         1    ##.....
 Confusing Touch          Hex            #.......     99%         3    ####...
 Gell's Gravitas          Tloc           #.........   99%         3    ####...
 Vampiric Draining        Necr           #.........   99%         3    ####...
 Animate Dead             Necr           N/A          100%        4    #####..
 Petrify                  Tmut/Erth      #.......     100%        4    #####..
 Agony                    Necr           #.......     100%        5    ######.
 Metabolic Englaciation   Hex/Ice        #.........   100%        5    ######.
 Yara's Violent Unravell  Hex/Tmut       #.........   100%        5    ######.


Dungeon Overview and Level Annotations

Branches:
Dungeon (11/15)            Temple (1/1) D:7            Lair (0/6) D:9
    Orc (0/2) D:9

Altars:
Ashenzari
Cheibriados
Dithmenos
Elyvilon
Fedhas
Gozag
Hepliaklqana
Kikubaaqudgha
Makhleb
Nemelex Xobeh
Okawaru
Qazlal
Ru
Sif Muna
Trog
Uskayaw
Vehumet
Wu Jian
Xom
Yredelemnul
Zin
The Shining One

Shops:
D:5 :   D:6 %   D:8 *


Innate Abilities, Weirdness & Mutations

You are resistant to torment.
Your stone body is resilient. (AC +8)
You are immune to poison.
You resist negative energy. (rN+)
You are resistant to electric shocks. (rElec)
You can survive without breathing.
You are immune to petrification.
You are immune to rotting.


Message History

The shadow imp hits you.
You block the kobold demonologist's attack.
You block the ufetubus's attack.
The ufetubus hits you but does no damage.
You completely miss the shadow imp. You block the sun demon's attack.
The quasit closely misses you. The quasit barely misses you. x2
The crimson imp blinks!
The shadow imp barely misses you.
The kobold demonologist closely misses you.
You block the ufetubus's attack. x2
You closely miss the shadow imp. You block the sun demon's attack.
The quasit bites you but does no damage.
You block the quasit's attack. x2
The red devil hits you from afar with a cursed -3 trident.
The ufetubus hits you but does no damage. x2
You barely miss the shadow imp.
You block the kobold demonologist's attack.
You block the shadow imp's attack. The ufetubus misses you.
The ufetubus hits you. The sun demon hits you.
You are engulfed in flames.
You resist.
You block the quasit's attack. x2; The quasit claws you.
You sock the shadow imp!
You kill the shadow imp!
You block the red devil's attack. You block the ufetubus's attack.
The ufetubus barely misses you.
The kobold demonologist hits you but does no damage.
You block the sun demon's attack.
You barely miss the ufetubus. You block the ufetubus's attack.
The ufetubus barely misses you.
The red devil hits you from afar with a cursed -3 trident.
* * * LOW HITPOINT WARNING * * *
You block the kobold demonologist's attack.
You hit the ufetubus but do no damage. You block the sun demon's attack.
You block the ufetubus's attack.
The ufetubus hits you but does no damage.
You hit the kobold demonologist. You block the ufetubus's attack. x2
The crimson imp blinks!
You block the sun demon's attack. The rust devil barely misses you.
The kobold demonologist gestures wildly while chanting.
The red devil hits you from afar with a cursed -3 trident.
* * * LOW HITPOINT WARNING * * *
Unknown command.
You barely miss the kobold demonologist.
You block the ufetubus's attack. x2; You block the ynoxinul's attack.
The sun demon hits you!
* * * LOW HITPOINT WARNING * * *
You are engulfed in flames!
You resist.
* * * LOW HITPOINT WARNING * * *
The kobold demonologist mumbles some strange words.
The rust devil barely misses you.
The red devil hits you from afar with a cursed -3 trident!
You die...

..........##[......#
#....
..........##.......#
#....
###....<..##.......#
#..## #......5##.......#
#..# #.....K4##.......#
#..# #....5K5##.......#
#..# #...54K5##.......#
#..# #...554K##.......#
#..# #..5KK3@##.......#
#..#
#...§535##.......###..##
.......55................
.........................
#########################


You could see a sun demon, a hellwing, a rust devil, 2 kobold demonologists, a
ynoxinul, a red devil, 2 big kobolds, an iron imp, a quasit, a crimson imp, 9
ufetubi and 2 kobolds.

Vanquished Creatures
  2 two-headed ogres (D:10)
  A molten gargoyle (D:9)
  2 trolls
  2 hippogriffs
  5 yaks (D:10)
  3 wyverns
  2 hungry ghosts
  A water moccasin (D:6)
  A swamp drake (D:9)
  An ice beast (D:7)
  3 orc warriors
  2 sky beasts
  3 black bears
  An eye of draining (D:11)
  6 ogres
  A phantom (D:10)
  5 centaurs
  Blork the orc (D:6)
  7 bullfrogs
  3 big kobolds
  6 scorpions
  2 electric eels
  6 crimson imps
  A bullfrog zombie (D:8)
  2 centaur zombies
  A gnoll shaman (D:10)
  2 lava snakes (D:9)
  4 orc priests
  12 jellies
  4 quasits
  5 centaur skeletons
  Crazy Yiuf (D:3)
  4 hounds
  2 orc wizards
  3 bullfrog skeletons
  Ijyb (D:4)
  Jessica (D:2)
  3 worker ants
  Terence (D:3)
  5 iguanas
  A killer bee zombie (D:7)
  A hound zombie (D:11)
  Robin (D:2)
  A howler monkey zombie (D:7)
  A worker ant zombie (D:9)
  7 adders
  15 gnolls
  6 shadow imps
  5 oozes (D:9)
  An adder zombie (D:5)
  2 adder skeletons
  4 worms
  2 dart slugs (D:1)
  4 leopard geckos
  27 orcs
  9 bats
  7 giant cockroaches
  17 goblins
  7 hobgoblins
  8 jackals
  5 quokkas
  3 ball pythons
  6 frilled lizards
  A jackal skeleton (D:4)
  20 kobolds
  A leopard gecko zombie (D:8)
  2 quokka skeletons
  4 rats
  A plant (D:10)
287 creatures vanquished.

Vanquished Creatures (others)
  An orc warrior (D:9)
  A crocodile (D:9)
  An orc (D:9)
3 creatures vanquished.

Grand Total: 290 creatures vanquished

Notes
Turn   | Place    | Note
-------+----------+-------------------------------------------
     0 | D:1      | MrTaco21 the Gargoyle Fighter began the quest for the Orb.
     0 | D:1      | Reached XP level 1. HP: 14/14 MP: 1/1
     5 | D:1      | Noticed an electric eel
   120 | D:1      | Reached XP level 2. HP: 9/19 MP: 2/2
   562 | D:1      | Reached skill level 3 in Maces & Flails
   945 | D:2      | Reached XP level 3. HP: 23/23 MP: 3/3
  1060 | D:2      | Found an ornate altar of the Wu Jian Council.
  1109 | D:2      | Noticed Jessica
  1123 | D:2      | Killed Jessica
  1123 | D:2      | Reached skill level 4 in Maces & Flails
  1123 | D:2      | Reached XP level 4. HP: 28/28 MP: 4/4
  1552 | D:3      | Noticed Robin
  1628 | D:2      | Killed Robin
  1935 | D:2      | Reached skill level 5 in Maces & Flails
  2195 | D:3      | Reached XP level 5. HP: 32/32 MP: 5/5
  2471 | D:3      | Noticed Terence
  2480 | D:3      | Killed Terence
  2869 | D:3      | Found a runed translucent door.
  2870 | D:3      | Noticed Crazy Yiuf
  3030 | D:3      | Killed Crazy Yiuf
  3126 | D:4      | Reached skill level 6 in Maces & Flails
  3126 | D:4      | Reached XP level 6. HP: 32/37 MP: 6/6
  3363 | D:4      | Reached skill level 7 in Maces & Flails
  3731 | D:4      | Noticed Ijyb
  3731 | D:4      | Paralysed by Ijyb for 7 turns
  3754 | D:4      | Killed Ijyb
  3754 | D:4      | Reached XP level 7. HP: 41/41 MP: 7/7
  3969 | D:4      | Found a bloodstained altar of Trog.
  4085 | D:5      | Entered Level 5 of the Dungeon
  4132 | D:5      | Reached skill level 8 in Maces & Flails
  4571 | D:5      | Reached skill level 9 in Maces & Flails
  4571 | D:5      | Reached XP level 8. HP: 13/46 MP: 8/8
  4846 | D:5      | Found Gazasog's Book Boutique.
  5675 | D:6      | Found Donit's Food Shop.
  5716 | D:6      | Noticed Blork the orc
  5731 | D:6      | Killed Blork the orc
  5852 | D:6      | Reached skill level 10 in Maces & Flails
  6539 | D:7      | Reached skill level 11 in Maces & Flails
  6562 | D:7      | Reached XP level 9. HP: 44/51 MP: 9/9
  6849 | D:7      | Found a staircase to the Ecumenical Temple.
  6914 | D:7      | Reached skill level 12 in Maces & Flails
  6975 | D:7      | Found a snail-covered altar of Cheibriados.
  7396 | D:7      | Reached skill level 5 in Shields
  7506 | Temple   | Entered the Ecumenical Temple
  7729 | Temple   | Became a worshipper of Qazlal Stormbringer
  8126 | D:8      | Reached XP level 10. HP: 43/56 MP: 10/10
  8421 | D:8      | Found Woxt's Assorted Antiques.
  8530 | D:9      | Reached * piety under Qazlal
  8530 | D:9      | Reached skill level 13 in Maces & Flails
  8587 | D:9      | Found a hide-covered altar of Uskayaw.
  8608 | D:9      | Found a staircase to the Lair.
  8705 | D:9      | Noticed a molten gargoyle
  8726 | D:9      | Killed a molten gargoyle
  9332 | D:9      | Reached ** piety under Qazlal
  9466 | D:9      | Found a staircase to the Orcish Mines.
  9576 | D:10     | Entered Level 10 of the Dungeon
  9588 | D:10     | Noticed a two-headed ogre
 10052 | D:10     | Reached XP level 11. HP: 60/60 MP: 11/11
 10085 | D:10     | Reached skill level 14 in Maces & Flails
 10141 | D:10     | Killed a two-headed ogre
 10141 | D:10     | Reached skill level 10 in Shields
 10192 | D:10     | Noticed a two-headed ogre
 10224 | D:10     | Killed a two-headed ogre
 10949 | D:11     | Reached *** piety under Qazlal
 11129 | D:11     | Noticed a sun demon
 11141 | D:11     | Mangled by a red devil

Levels and vault maps discovered:
D:1:      arrival_aquarium_a, layout_basic
D:2:      minmay_kobold_bridge, layout_basic, nicolae_overflow_hidden_temple,
          first_ration, st_stairs_11, uniq_jessica
D:3:      layout_basic, portal_sewer_entry_d, uniq_robin,
          uniq_crazy_yiuf_cottage, uniq_terence
D:4:      minmay_door_path, layout_basic, minmay_misc_feat_five, trog_book,
          uniq_ijyb
D:5:      layout_layer_cave, serial_shops, nicolae_shop_statue_plus
D:6:      layout_loops_ring, serial_shops, nicolae_shop_stone, minivault_4,
          uniq_blork_the_orc
D:7:      minmay_s_stair_smasher, layout_gridville,
          minmay_temple_entry_stoned_glass, enter_bailey_3, chei_slow_surprise
D:8:      layout_loops_ring, serial_shops, shop_fountains
D:9:      lemuel_flame_loot_2, layout_rooms, erik_orc_1, basic_altar,
          hangedman_little_slice_of_home
D:10:     layout_long_grid, chequers_big_river
D:11:     layout_long_grid
Temple:   nicolae_temple_the_god_donut

Skill      XL: |  1  2  3  4  5  6  7  8  9 10 11 |
---------------+----------------------------------+-----
Maces & Flails | 3 4 5 6 7 9 11 12 13 14 | 14.0
Shields        | 6 9 11 | 11.6
Fighting       | |  3.2
Armour         | |  3.2

Action                   |  1- 3 |  4- 6 |  7- 9 | 10-12 || total
-------------------------+-------+-------+-------+-------++-------
Melee: Flail             |    96 |   278 |   302 |   401 ||  1077
       Mace              |       |       |   119 |       ||   119
Throw: Dart              |       |       |       |     8 ||     8
  Use: Scroll            |       |     4 |     5 |     4 ||    13
  Eat: Chunk             |     1 |     8 |    15 |     7 ||    31
       Ration            |       |       |       |     2 ||     2
Armor: Scale mail        |    57 |   173 |   124 |   106 ||   460
Dodge: Dodged            |    32 |    81 |    79 |    83 ||   275
Block: Kite shield       |    73 |   240 |   260 |   323 ||   896
       Reflection        |       |     2 |     8 |     5 ||    15

Table legend:
 A = Non-vault XP
 B = Vault XP
 C = Vault XP percentage of total XP
 D = Non-vault monster count
 E = Vault monster count
 F = Vault count percentage of total count
                 A         B        C        D         E       F
            +---------+---------+-------+---------+---------+-------
      Total |   11489 |    2294 |  16.6 |     220 |      67 |  23.3
            +---------+---------+-------+---------+---------+-------
        D:1 |      26 |       0 |   0.0 |      14 |       0 |   0.0
        D:2 |      31 |      93 |  75.0 |      18 |      19 |  51.4
        D:3 |      45 |      91 |  66.9 |      22 |       4 |  15.4
        D:4 |     305 |     111 |  26.7 |      19 |       3 |  13.6
        D:5 |     741 |       0 |   0.0 |      21 |       0 |   0.0
        D:6 |     657 |     100 |  13.2 |      16 |       1 |   5.9
        D:7 |    1079 |     793 |  42.4 |      25 |      15 |  37.5
        D:8 |    1295 |       0 |   0.0 |      21 |       0 |   0.0
        D:9 |     763 |    1106 |  59.2 |      21 |      25 |  54.3
       D:10 |    4270 |       0 |   0.0 |      25 |       0 |   0.0
       D:11 |    2277 |       0 |   0.0 |      18 |       0 |   0.0
            +---------+---------+-------+---------+---------+-------
